 Dungeon Crawl Stone Soup version 0.26-a0-602-gd42a14c23b (webtiles) character file.

Game seed: 2218808412461321629

445454 lotuseater the Ogre Mage (level 24, -3/332 HPs)
             Began as an Ogre Ice Elementalist on Aug 30, 2020.
             Was the Champion of Ashenzari.
             Slain by an ettin
             ... wielding a +0 dire flail
              (24 damage)
             ... on level 5 of the Vaults.
             The game lasted 02:48:09 (59393 turns).

lotuseater the Ogre Mage (Ogre Ice Elementalist)   Turns: 59393, Time: 02:48:09

Health: -3/332     AC: 33    Str: 22    XL:     24   Next: 19%
Magic:  26/45      EV: 13    Int: 29    God:    Ashenzari [******]
Gold:   7209       SH: 18    Dex: 11    Spells: 8/60 levels left

rFire    . . .     SeeInvis +   q - +10 zealot's sword {holy, *Rage rN+ EV+3} (curse)
rCold    + . .     Faith    .   K - +0 kite shield (curse)
rNeg     + + .     Spirit   .   (armour currently unavailable)
rPois    ∞         Reflect  +   W - +2 hat
rElec    +         Harm     .   A - +0 cloak {rCorr}
rCorr    +         Clarity  +   (gloves unavailable)
MR       ++...                  (boots unavailable)
Stlth    ++........             a - amulet of Muid {Reflect rC+ SH+5} (curse)
HPRegen  0.65/turn              d - ring of wizardry (curse)
MPRegen  0.29/turn              z - ring "Wuifrop" {rPois Str+2 Int+6} (curse)

@: statue-form, very slow
A: large, unfitting armour, agile 1
}: 2/15 runes: barnacled, gossamer
a: End Transformation, Curse Item, Scrying, Transfer Knowledge, Renounce
Religion


You were on level 5 of the Vaults.
You worshipped Ashenzari.
Ashenzari was exalted by your worship.
You were a stone statue.
You visited 9 branches of the dungeon, and saw 43 of its levels.
You visited the Abyss 2 times.
You visited 1 bazaar.
You also visited: Gauntlet and Ice Cave.

You collected 10245 gold pieces.
You spent 3036 gold pieces at shops.

Inventory:

Hand Weapons
 q - the cursed +10 zealot's sword (weapon) {holy, *Rage rN+ EV+3}
   (You found it on level 3 of the Spider Nest)

   It has been blessed by the Shining One to cause great damage to the undead
   and demons.
   It affects your evasion (+3).
   It protects you from negative energy.
   It may make you go berserk in combat.
   It has a curse placed upon it.
 C - the +8 whip "Snakebite" {curare, rPois}
   (You found it on level 4 of the Lair of Beasts)

   It poisons the flesh of those it strikes.
   It protects you from poison.
 V - the +12 fustibalus of Lotawoni {vorpal, +Fly rN+++ Int-5}
   (You found it on level 3 of the Elven Halls)

   Any stone fired from it inflicts extra damage.
   It affects your intelligence (-5).
   It renders you almost immune to negative energy.
   It lets you fly.
Missiles
 H - 10 silver boomerangs (quivered)
 T - 31 silver javelins
Armour
 k - the cursed +1 troll leather armour "Xinotoq" (melded) {rElec rPois Regen+ Int+4 Dex-2}
   (You bought it in a shop on level 2 of the Shoals)

   It affects your intelligence (+4).
   It affects your dexterity (-2).
   It insulates you from electricity.
   It protects you from poison.
   It increases your rate of regeneration.
   It has a curse placed upon it.
 A - a +0 cloak of preservation (worn)
 K - a cursed +0 kite shield (worn)
 W - a +2 hat (worn)
Jewellery
 a - the cursed amulet of Muid (around neck) {Reflect rC+ SH+5}
   (You found it in a Gauntlet)

   [amulet of reflection]

   It shields you and reflects attacks.
   It protects you from cold.
   It affects your SH (+5).
   It has a curse placed upon it.
 d - a cursed ring of wizardry (left hand)
 z - the cursed ring "Wuifrop" (right hand) {rPois Str+2 Int+6}
   (You acquired it on level 1 of the Vaults)

   [ring of intelligence]

   It affects your strength (+2).
   It affects your intelligence (+6).
   It protects you from poison.
   It has a curse placed upon it.
 P - the ring "Tegrios" {rF+ MR+}
   (You found it in a Gauntlet)

   [ring of protection from fire]

   It protects you from fire.
   It affects your resistance to hostile enchantments.
 R - the ring of Pyamyone {rF++ rC+ Stlth+}
   (You found it on level 3 of the Crypt)

   [ring of protection from cold]

   It greatly protects you from fire.
   It protects you from cold.
   It makes you more stealthy.
Wands
 e - a wand of digging (9)
 i - a wand of disintegration (15)
 y - a wand of iceblast (47)
 M - a wand of acid (32)
Scrolls
 c - 16 scrolls of magic mapping
 f - 6 scrolls of immolation
 m - 12 scrolls of remove curse
 r - 23 scrolls of teleportation
 D - 21 scrolls of identify
 E - 6 scrolls of fear
 I - 2 scrolls of torment
 Q - 7 scrolls of fog
 S - 2 scrolls of silence
Potions
 b - a potion of cancellation
 g - 6 potions of curing
 h - 6 potions of haste
 j - 8 potions of flight
 n - 7 potions of stabbing
 p - 2 potions of lignification
 s - 6 potions of mutation
 u - 9 potions of might
 w - 7 potions of brilliance
 x - 2 potions of magic
 F - 3 potions of ambrosia
 G - 2 potions of resistance
 O - 5 potions of berserk rage
Miscellaneous
 J - a tin of tremorstones (3/3)
 L - a condenser vane (2/2)


   Skills:
 - Level 18.1 Fighting
 - Level 11.8(16.0) Long Blades
   Level 3.0 Staves
 - Level 1.7 Dodging
 - Level 1.4 Stealth
 + Level 11.5(14.2) Shields
 - Level 18.6 Spellcasting
 - Level 7.6(12.1) Conjurations
   Level 2.0(5.3) Summonings
 - Level 2.0(5.3) Translocations
 - Level 9.0(13.3) Transmutations
 - Level 18.6(22.2) Ice Magic
 - Level 17.9(21.6) Air Magic
 - Level 7.3(11.8) Earth Magic
 - Level 5.2(9.7) Poison Magic


You had 8 spell levels left.
You knew the following spells:

 Your Spells              Type           Power        Failure   Level
a - Freeze                Ice            ####         0%          1
b - Frozen Ramparts       Ice            ######       0%          3
c - Ozocubu's Armour      Ice            ########     0%          3
d - Absolute Zero         Ice            ########..   7%          9
e - Mephitic Cloud        Conj/Pois/Air  #######.     0%          3
f - Passage of Golubria   Tloc           N/A          1%          4
g - Tornado               Air            ########..   9%          9
h - Statue Form           Tmut/Erth      #######..    1%          6
i - Freezing Cloud        Conj/Ice/Air   #######...   1%          6
j - Iron Shot             Conj/Erth      #######...   1%          6
k - Blink                 Tloc           N/A          1%          2

Your spell library contained the following spells:

 Spells                   Type           Power        Failure   Level
 Beastly Appendage        Tmut           ######       0%          1
 Magic Dart               Conj           ####         0%          1
 Sandblast                Erth           ######       0%          1
 Shock                    Conj/Air       ####         0%          1
 Sting                    Tmut/Pois      ####         0%          1
 Ensorcelled Hibernation  Hex/Ice        ######       0%          2
 Passwall                 Tmut/Erth      #######.     0%          2
 Poisonous Vapours        Pois/Air       ######       0%          2
 Swiftness                Air            ########     0%          2
 Wereblood                Tmut           #######.     0%          2
 Static Discharge         Conj/Air       #######.     0%          3
 Airstrike                Air            ########..   0%          4
 Hailstorm                Conj/Ice       #######.     0%          4
 Ice Form                 Ice/Tmut       #######.     0%          4
 Animate Skeleton         Necr           ####..       1%          1
 Apportation              Tloc           ######       1%          1
 Corona                   Hex            ####...      1%          1
 Foxfire                  Conj/Fire      ####         1%          1
 Summon Small Mammal      Summ           ####         1%          1
 Call Imp                 Summ           ######..     1%          2
 Corpse Rot               Necr/Air       N/A          1%          2
 Slow                     Hex            ####....     1%          2
 Sublimation of Blood     Necr           ####......   1%          2
 Confusing Touch          Hex            ####....     1%          3
 Conjure Flame            Conj/Fire      ######..     1%          3
 Dazzling Flash           Conj/Hex       ######       1%          3
 Ignite Poison            Fire/Tmut/Pois ######..     1%          3
 Inner Flame              Hex/Fire       ####....     1%          3
 Lesser Beckoning         Tloc           ######....   1%          3
 Portal Projectile        Hex/Tloc       #####.       1%          3
 Spider Form              Tmut/Pois      #######...   1%          3
 Stone Arrow              Conj/Erth      ######       1%          3
 Tukima's Dance           Hex            ####....     1%          3
 Fulminant Prism          Conj/Hex       ######....   1%          4
 Iskenderun's Mystic Bla  Conj/Tloc      ######..     1%          4
 Leda's Liquefaction      Hex/Erth       ######....   1%          4
 Olgreb's Toxic Radiance  Pois           ######..     1%          4
 Petrify                  Tmut/Erth      #######.     1%          4
 Sticky Flame             Conj/Fire      ######..     1%          4
 Summon Ice Beast         Ice/Summ       #######.     1%          4
 Summon Lightning Spire   Summ/Air       #######.     1%          4
 Alistair's Intoxication  Tmut/Pois      #######..    1%          5
 Blade Hands              Tmut           #######...   1%          5
 Bolt of Magma            Conj/Fire/Erth ######....   1%          5
 Borgnjor's Vile Clutch   Necr/Erth      ######....   1%          5
 Fireball                 Conj/Fire      ######....   1%          5
 Irradiate                Conj/Tmut      #######...   1%          5
 Iskenderun's Battlesphe  Conj           #######.     1%          5
 Lee's Rapid Deconstruct  Erth           #######...   1%          5
 Lightning Bolt           Conj/Air       #######...   1%          5
 Metabolic Englaciation   Hex/Ice        #######...   1%          5
 Silence                  Hex/Air        #######...   1%          5
 Summon Demon             Summ           ######....   1%          5
 Summon Forest            Summ/Tloc      ######....   1%          5
 Conjure Ball Lightning   Conj/Air       #######...   1%          6
 Eringya's Noxious Bog    Tmut/Pois      #######...   1%          6
 Hydra Form               Tmut           #######...   1%          6
 Ozocubu's Refrigeration  Ice            ########..   1%          6
 Simulacrum               Ice/Necr       #######...   1%          6
 Orb of Destruction       Conj           #######...   3%          7
 Animate Dead             Necr           ####......   4%          4
 Cause Fear               Hex            ####......   4%          4
 Dispel Undead            Necr           ####....     4%          4
 Chain Lightning          Conj/Air       #######...   4%          8
 Summon Mana Viper        Hex/Summ       #####...     5%          5
 Shadow Creatures         Summ           N/A          11%         6
 Excruciating Wounds      Necr           ####......   13%         5
 Spellforged Servitor     Conj/Summ      ######....   16%         7
 Lehudib's Crystal Spear  Conj/Erth      #######...   28%         8
 Malign Gateway           Summ/Tloc      ######....   50%         7
 Monstrous Menagerie      Summ           ######....   50%         7
 Summon Greater Demon     Summ           ######....   50%         7
 Summon Hydra             Summ           ######....   50%         7
 Death Channel            Necr           ####......   54%         6
 Invisibility             Hex            ####....     54%         6
 Summon Horrible Things   Summ           ######....   98%         8
 Ignition                 Fire           ####......   100%        8
 Infestation              Necr           ####......   100%        8
 Shatter                  Erth           #######...   99%         9
 Fire Storm               Conj/Fire      ######....   100%        9


Dungeon Overview and Level Annotations

Branches:
Dungeon (15/15)            Temple (1/1) D:7            Lair (6/6) D:11
 Shoals (4/4) Lair:3       Spider (4/4) Lair:3        Slime (0/5) Lair:5
    Orc (2/2) D:9             Elf (3/3) Orc:2        Vaults (5/5) D:14
  Crypt (3/3) Vaults:3       Tomb (0/3) Crypt:3      Depths (0/5) D:15
  IceCv (visited)         Gauntlet (visited)

Altars:
Ashenzari
Cheibriados
Dithmenos
Elyvilon
Fedhas
Gozag
Hepliaklqana
Kikubaaqudgha
Makhleb
Nemelex Xobeh
Okawaru
Qazlal
Ru
Sif Muna
Trog
Uskayaw
Vehumet
Wu Jian
Xom
Yredelemnul
Zin
The Shining One
Beogh
Jiyva

Shops:
Orc:2 :!:[:   Elf:3 [   Shoals:1 (?   Shoals:2 *   Vaults:1 *

Annotations:
D:4 1 runed translucent door, radzia's ghost, amateur VSFi
Shoals:1 1 runed translucent door, Ineosena's ghost, adept GrBe
Elf:2 3 runed translucent doors


Innate Abilities, Weirdness & Mutations

You are too large for most types of armour.
((You have tough skin. (AC +1)))
You are agile. (Dex +2)


Message History

You hear a deafening roar!
You slash the ettin!
The ettin is moderately wounded.
You block the ettin's attack. x2
You slash the ettin!
The ettin is heavily wounded.
You slash the ettin!
The ettin is severely wounded.
The ettin hits you with a +0 dire flail!!
* * * LOW HITPOINT WARNING * * *
The ettin hits you with a +0 dire flail!!
* * * LOW HITPOINT WARNING * * *
You feel much better. The winds around you calm down.
You block the ettin's attack.
The ettin hits you with a +0 dire flail!!
* * * LOW HITPOINT WARNING * * *
You block the ettin's attack.
The ettin hits you with a +0 dire flail!!
You die...

, ,,,,,,,
,....u.{<){xx....
, , , , ,
.....{))<{..C... ,
* ** ****
#####.)[[[...###*
, , ,, , ,
.....[[{{.....D**,
* **** *
**####.#....#....
,,, ,,,, ,, ,,,,
)(#.#....#....,,,
* ** * **
**#.#.#....#{{..,,
* , ,, ,,{{,,
,#(#.#....#∆ ..,*
, ***** *
***,#8#,#..(.# {,
,, ,^,, ,∆∆∆∆*,#C#
,, ,**, ** , , ,,,
∆∆∆∆ ,#c#, ,,,,**,
* , , ,,∆∆∆∆ #)# *
,, * ,* ,,, ,
^∆∆∆∆*,#.#, , ,
**,,** , , ,, ∆∆∆∆
,#.#, , ,,,, ,, ,^
,∆∆∆∆ #.#, ,,*,,
*,,* , , ,, , ∆∆∆∆
,#.# ,, ,*,, *,,,*
, ,,, ,,∆∆∆∆*
#)#,*, , * ,**, ,


You could see a yaktaur captain and an ettin.

Vanquished Creatures
  Mara (Shoals:4)
  2 ancient liches
  Boris (Vaults:2)
  Frederick (Vaults:2)
  Margery (Vaults:3)
  A bone dragon (Crypt:3)
  Jorgrun (D:12)
  A tentacled monstrosity (Vaults:5)
  A titan (Vaults:5)
  4 liches
  A deep elf blademaster (Elf:3)
  2 krakens
  4 sphinxes
  2 deep elf master archers (Elf:3)
  2 tentacled starspawn (Abyss:3)
  Kirke (Shoals:2)
  A tengu reaver (Vaults:2)
  An ancient champion (Crypt:1)
  2 storm dragons
  Roxanne (Elf:1)
  A revenant (Crypt:1)
  9 deep elf sorcerers (Elf:3)
  3 curse skulls
  6 emperor scorpions
  4 deep elf elementalists (Elf:3)
  3 ghost moths (Spider:4)
  8 vault wardens
  14 ironheart preservers
  4 vampire knights
  A reaper (Crypt:2)
  4 war gargoyles
  6 starcursed masses (Abyss:3)
  5 stone giants
  An entropy weaver (Vaults:3)
  6 deep elf demonologists
  Nessos (D:13)
  A minotaur (Gauntlet)
  2 spark wasps
  12 deep elf annihilators
  4 merfolk javelineers
  4 eidola
  7 deep elf death magi
  4 ettins
  A green death (Crypt:2)
  10 merfolk impalers
  2 fire dragons
  3 great orbs of eyes
  4 deep elf high priests
  12 yaktaur captains
  9 rakshasas
  27 vault guards
  A quicksilver dragon skeleton (Crypt:3)
  Harold (D:11)
  3 hydras
  4 catoblepae
  3 death yaks (Lair:6)
  35 two-headed ogres
  2 merfolk avatars
  7 centaur warriors
  17 dancing weapons
  An alligator snapping turtle (Shoals:4)
  An ice dragon (Vaults:3)
  5 merfolk aquamancers
  2 death knights
  7 ogre magi
  3 satyrs
  A tengu warrior (D:15)
  2 vampire magi
  3 deep troll shamans
  A deep troll earth mage (Vaults:3)
  6 orc high priests (Orc:2)
  A storm dragon zombie (Crypt:1)
  4 thrashing horrors
  3 soul eaters
  A fire crab (Gauntlet)
  23 skeletal warriors
  22 deep elf knights
  9 hell knights
  6 shadow wraiths
  2 wretched stars
  8 deep trolls
  2 unseen horrors (shapeshifter)
  6 flayed ghosts
  A golden dragon zombie (Crypt:1)
  A ghost moth zombie (Crypt:1)
  14 sea snakes
  An obsidian statue (Gauntlet)
  2 glowing orange brains
  5 unseen horrors
  3 wizards
  14 deep elf archers
  8 large abominations
  2 anaconda skeletons
  13 harpies
  2 wolf spider zombies
  11 orc knights
  A golden dragon skeleton (Crypt:1)
  Pikel (D:7)
  9 ironbrand convokers
  2 lindwurms (Lair:6)
  7 phantasmal warriors
  12 necromancers
  18 fauns
  A fire giant zombie (D:15)
  54 deep elf magi
  A sphinx zombie (Crypt:2)
  A frost giant zombie (Crypt:1)
  39 wolf spiders
  12 orb spiders
  30 ugly things
  5 cyclopes
  A cyclops (shapeshifter) (Crypt:2)
  A sphinx skeleton (Vaults:2)
  12 slime creatures
  A shadow dragon skeleton (Crypt:3)
  6 orc sorcerers
  15 manticores
  A moth of wrath (Spider:4)
  3 stone giant skeletons (Crypt:3)
  12 merfolk sirens
  A dire elephant zombie (Crypt:1)
  11 elephants
  An apocalypse crab (Abyss:2)
  15 vault sentinels
  A worldbinder (Abyss:3)
  5 black mambas
  7 water nymphs
  Joseph (D:10)
  An ice statue (IceCv)
  A shock serpent skeleton (Crypt:3)
  2 torpor snails (Spider:1)
  A storm dragon simulacrum (Crypt:1)
  9 cane toads
  8 smoke demons
  Psyche (D:11)
  An eye of devastation (Abyss:3)
  5 gargoyles
  A komodo dragon (shapeshifter) (Vaults:4)
  5 rime drakes
  A sea snake zombie (Crypt:2)
  An alligator snapping turtle skeleton (Crypt:1)
  An efreet (D:8)
  12 demonic crawlers
  3 kobold demonologists
  28 yaktaurs
  A catoblepas zombie (Crypt:1)
  18 freezing wraiths
  8 komodo dragons
  A tengu conjurer (D:15)
  An anaconda simulacrum (Crypt:1)
  3 guardian mummies (Crypt:3)
  A queen ant zombie (Crypt:2)
  A hydra zombie (Crypt:1)
  4 wind drakes
  2 iron troll skeletons
  28 jumping spiders
  5 red devils (Crypt:3)
  13 merfolk
  Grinder (D:6)
  4 polar bears
  3 trolls
  7 hornets
  16 blink frogs
  A deep troll zombie (D:15)
  A spriggan zombie (D:15)
  2 wolf spider simulacra
  A hydra skeleton (Crypt:1)
  9 raiju
  A hornet (shapeshifter) (D:14)
  A harpy skeleton (Crypt:3)
  16 dream sheep (Lair:6)
  17 hippogriffs
  10 snapping turtles
  A frost giant simulacrum (Crypt:1)
  An ettin zombie (Vaults:2)
  5 shadows
  3 air elementals
  2 ettin skeletons (Crypt:3)
  8 flying skulls
  4 wyverns
  An ice dragon skeleton (Crypt:3)
  44 redbacks
  19 wraiths
  29 tarantellas
  An ushabti (Crypt:3)
  A ynoxinul (Abyss:3)
  5 elf zombies
  2 hogs (Shoals:2)
  17 water elementals
  18 fire bats
  A golden eye (shapeshifter) (Vaults:3)
  2 steam dragons
  3 chaos spawn
  23 yaks
  5 fire elementals
  7 basilisks
  18 vampire mosquitoes
  A death yak simulacrum (IceCv)
  13 wargs
  2 cane toad zombies
  An insubstantial wisp (Crypt:2)
  15 water moccasins
  3 hell hounds (Abyss:2)
  A nameless horror (D:11)
  6 porcupines
  A hornet zombie (D:15)
  2 acid dragons (Vaults:1)
  A floating eye (shapeshifter) (Vaults:2)
  26 orc warriors
  2 phantoms
  7 sky beasts
  An ice dragon simulacrum (Crypt:1)
  4 black bears
  An orc zombie (Vaults:2)
  A swamp dragon zombie (Crypt:3)
  A black mamba simulacrum (Crypt:1)
  A dream sheep zombie (Crypt:2)
  11 ice beasts
  4 necrophages
  40 ogres
  4 boggarts (Lair:5)
  24 wolves
  A human skeleton (Vaults:2)
  27 centaurs
  3 lemures (D:7)
  A snapping turtle skeleton (Crypt:3)
  10 crocodiles
  3 big kobolds
  23 bullfrogs
  2 earth elementals (Elf:2)
  A wyvern zombie (D:8)
  A scorpion (Crypt:2)
  A hornet simulacrum (D:14)
  A water moccasin zombie (D:8)
  A queen bee zombie (Crypt:2)
  A human simulacrum (Vaults:1)
  6 electric eels
  2 howler monkeys
  30 wights
  2 draconian simulacra (IceCv)
  3 centaur zombies
  A crimson imp (D:7)
  A demonspawn zombie (Crypt:1)
  An elf simulacrum (Crypt:1)
  A bullfrog zombie (D:11)
  4 small abominations
  2 iron imps
  5 hounds
  2 jellies
  2 quasits
  40 orc priests
  Crazy Yiuf (D:3)
  4 bullfrog skeletons
  36 orc wizards
  2 centaur skeletons
  Jessica (D:2)
  3 iguanas
  3 spriggan simulacra (IceCv)
  3 hell rats
  6 worker ants
  3 wolf simulacra (IceCv)
  3 troll simulacra (IceCv)
  A crocodile zombie (Crypt:2)
  A tengu zombie (Crypt:1)
  3 centaur simulacra (IceCv)
  A hound zombie (D:10)
  4 hound skeletons
  6 mummies (Crypt:3)
  Robin (D:3)
  2 worker ant zombies
  A howler monkey skeleton (D:7)
  A howler monkey zombie (D:7)
  19 adders
  7 gnolls
  7 naga simulacra (IceCv)
  4 river rats (Lair:1)
  2 ogre simulacra (IceCv)
  5 shadow imps
  20 white imps
  2 ufetubi
  5 oozes
  An adder zombie (D:5)
  A lava snake zombie (Crypt:1)
  5 adder skeletons
  8 worms
  3 dart slugs
  6 leopard geckos
  140 orcs
  5 giant cockroaches
  7 hobgoblins
  9 jackals
  18 kobolds
  11 quokkas
  A ball python (D:4)
  92 bats
  10 frilled lizards
  16 goblins
  A goblin zombie (Crypt:2)
  12 rats
  A block of ice (Vaults:5)
  2 starspawn tentacles (Abyss:3)
  5 tentacles
2104 creatures vanquished.

Vanquished Creatures (collateral kills)
  A merfolk javelineer (Shoals:4)
  A merfolk impaler (Shoals:4)
  2 two-headed ogres
  A manticore (Shoals:4)
  An elephant (Lair:2)
  A merfolk (Shoals:4)
  A hell rat (Lair:1)
  A bat (D:10)
  A rat (Lair:1)
10 creatures vanquished.

Vanquished Creatures (others)
  A deep elf annihilator (Elf:1)
  A two-headed ogre (Vaults:4)
  An unseen horror (D:14)
  A raiju (Abyss:3)
  A human (Shoals:2)
  An orc warrior (Vaults:4)
  2 small abominations (Abyss:3)
  A kobold (D:12)
  3 blocks of ice
  A bush (Lair:6)
  18 fungi
  157 plants
  4 starspawn tentacles (Abyss:3)
  9 tentacles
  43 withered plants
244 creatures vanquished.

Grand Total: 2358 creatures vanquished

Notes
Turn   | Place    | Note
-------+----------+-------------------------------------------
     0 | D:1      | lotuseater the Ogre Ice Elementalist began the quest for
                  | the Orb.
     0 | D:1      | Reached XP level 1. HP: 16/16 MP: 3/3
    28 | D:1      | Reached XP level 2. HP: 20/24 MP: 0/5
   448 | D:1      | You fall into a shaft and drop 1 floor!
   448 | D:2      | Noticed Jessica
   450 | D:2      | Killed Jessica
   450 | D:2      | Reached XP level 3. HP: 25/31 MP: 4/8
   491 | D:2      | Reached XP level 4. HP: 17/39 MP: 0/10
   511 | D:2      | Reached skill level 1 in Fighting
  1247 | D:2      | Learned a level 3 spell: Frozen Ramparts
  1251 | D:2      | Learned a level 3 spell: Ozocubu's Armour
  1256 | D:2      | Learned a level 4 spell: Summon Ice Beast
  1909 | D:2      | Found a shattered altar of Ashenzari.
  1916 | D:2      | Found a hazy altar of Hepliaklqana.
  1923 | D:2      | Became a worshipper of Ashenzari the Shackled
  1995 | D:2      | Reached XP level 5. HP: 40/53 MP: 11/11
  2235 | D:3      | Reached skill level 5 in Fighting
  2455 | D:3      | Found a sparkling altar of Nemelex Xobeh.
  2513 | D:3      | Noticed Robin
  2519 | D:3      | Killed Robin
  2519 | D:3      | Reached skill level 1 in Summonings
  2519 | D:3      | Reached XP level 6. HP: 66/66 MP: 8/12
  3292 | D:3      | Found a runed translucent door.
  3293 | D:3      | Noticed Crazy Yiuf
  3303 | D:3      | Killed Crazy Yiuf
  3453 | D:4      | Found a runed translucent door.
  3453 | D:4      | Noticed radzia's ghost (amateur VSFi)
  3822 | D:4      | Found a shimmering blue altar of Sif Muna.
  4148 | D:5      | Entered Level 5 of the Dungeon
  4149 | D:5      | Reached * piety under Ashenzari
  4153 | D:5      | Reached skill level 1 in Staves
  4265 | D:5      | Reached XP level 7. HP: 57/72 MP: 8/13
  4265 | D:5      | Reached skill level 5 in Ice Magic
  4773 | D:5      | Reached XP level 8. HP: 77/80 MP: 7/14
  5026 | D:5      | Noticed a moth of wrath
  5407 | D:5      | Found a bloodstained altar of Trog.
  5408 | D:5      | Found the +8 autumn katana {vorpal, Clar}
  5494 | D:6      | Noticed Grinder
  5509 | D:6      | Killed Grinder
  5509 | D:6      | Reached skill level 5 in Spellcasting
  5859 | D:6      | Found a shadowy altar of Dithmenos.
  6151 | D:6      | Reached XP level 9. HP: 92/92 MP: 19/19
  6364 | D:7      | Found a staircase to the Ecumenical Temple.
  6370 | D:7      | Noticed Pikel
  6379 | D:7      | Killed Pikel
  6383 | Temple   | Entered the Ecumenical Temple
  7237 | D:7      | Reached ** piety under Ashenzari
  7357 | D:7      | Reached skill level 5 in Long Blades
  7386 | D:7      | Found a stormy altar of Qazlal.
  7438 | D:7      | Reached XP level 10. HP: 99/105 MP: 20/20
  7496 | D:7      | Found a shimmering altar of Xom.
  7496 | D:7      | Found a burning altar of Makhleb.
  8786 | D:8      | Learned a level 3 spell: Mephitic Cloud
  9162 | D:9      | Noticed a two-headed ogre
  9174 | D:9      | Killed a two-headed ogre
  9174 | D:9      | Reached skill level 1 in Conjurations
  9174 | D:9      | Reached skill level 1 in Poison Magic
  9572 | D:9      | Found a basalt altar of Yredelemnul.
  9618 | D:9      | Reached skill level 10 in Fighting
  9621 | D:9      | Reached XP level 11. HP: 73/119 MP: 11/21
 10063 | D:9      | Found a staircase to the Orcish Mines.
 10450 | D:10     | Entered Level 10 of the Dungeon
 10654 | D:10     | Found a runed translucent door.
 10689 | D:10     | Found a basalt altar of Yredelemnul.
 10702 | D:10     | Found a snail-covered altar of Cheibriados.
 10781 | D:10     | Found a burning altar of Makhleb.
 10783 | D:10     | Noticed a two-headed ogre
 10799 | D:10     | Killed a two-headed ogre
 10928 | D:10     | Found a burning altar of Makhleb.
 11001 | D:10     | Reached skill level 5 in Poison Magic
 11021 | D:10     | Found a sparkling altar of Nemelex Xobeh.
 11052 | D:10     | Noticed a flayed ghost
 11148 | D:10     | Found a burning altar of Makhleb.
 11420 | D:10     | Learned a level 4 spell: Olgreb's Toxic Radiance
 11424 | D:10     | Learned a level 3 spell: Ignite Poison
 11786 | D:10     | Noticed Joseph
 11803 | D:10     | Killed Joseph
 12079 | D:11     | Reached *** piety under Ashenzari
 12079 | D:11     | Noticed a catoblepas
 12079 | D:11     | Noticed a manticore
 12138 | D:11     | Noticed a four-headed hydra
 12150 | D:10     | Killed a five-headed hydra
 12599 | D:11     | Noticed a two-headed ogre
 12616 | D:11     | Killed a two-headed ogre
 12616 | D:11     | Reached XP level 12. HP: 94/133 MP: 11/22
 12969 | D:11     | Found a staircase to the Lair.
 13055 | D:11     | Killed a catoblepas
 13055 | D:11     | Reached skill level 1 in Transmutations
 14026 | D:11     | Noticed Psyche
 14031 | D:11     | Paralysed by Psyche for 3 turns
 14041 | D:11     | Killed Psyche
 14200 | D:11     | Noticed Harold
 14216 | D:11     | Killed Harold
 14620 | D:12     | Noticed Jorgrun
 14955 | Orc:1    | Entered Level 1 of the Orcish Mines
 15022 | Orc:1    | Reached skill level 10 in Long Blades
 15280 | Orc:1    | Reached **** piety under Ashenzari
 16033 | Orc:1    | Noticed a two-headed ogre
 16033 | Orc:1    | Noticed a two-headed ogre
 16033 | Orc:1    | Noticed a two-headed ogre
 16038 | Orc:1    | Killed a two-headed ogre
 16040 | Orc:1    | Killed a two-headed ogre
 16053 | Orc:1    | Noticed an ogre mage
 16054 | Orc:1    | Killed a two-headed ogre
 16054 | Orc:1    | Reached skill level 5 in Transmutations
 16065 | Orc:1    | Killed an ogre mage
 16067 | Orc:1    | Noticed a two-headed ogre
 16075 | Orc:1    | Killed a two-headed ogre
 16087 | Orc:1    | Noticed a two-headed ogre
 16090 | Orc:1    | Killed a two-headed ogre
 16093 | Orc:1    | Noticed a two-headed ogre
 16095 | Orc:1    | Killed a two-headed ogre
 16095 | Orc:1    | Reached XP level 13. HP: 78/144 MP: 5/25
 16389 | Orc:1    | Found a radiant altar of Vehumet.
 16672 | Orc:2    | Entered Level 2 of the Orcish Mines
 16672 | Orc:2    | Found a staircase to the Elven Halls.
 17013 | Orc:2    | Found Paynedik's Book Shoppe.
 17177 | Orc:2    | Found Sokomewk's Book Boutique.
 17177 | Orc:2    | Found Wizefan's Armour Emporium.
 17363 | Orc:2    | Found a roughly hewn altar of Beogh.
 17808 | Orc:2    | Found Guafuq's Distillery.
 17808 | Orc:2    | Found Lomnerea's Book Boutique.
 17811 | Orc:2    | Gained mutation: You are agile. (Dex +2) [a neqoxec]
 17820 | Orc:2    | Reached skill level 10 in Spellcasting
 18359 | Orc:2    | Bought a book of the Earth for 845 gold pieces
 18398 | Orc:2    | Learned a level 6 spell: Statue Form
 18588 | Lair:1   | Entered Level 1 of the Lair of Beasts
 18726 | Lair:1   | Reached skill level 1 in Earth Magic
 19904 | Lair:2   | Reached skill level 5 in Earth Magic
 20004 | Lair:2   | Reached XP level 14. HP: 139/153 MP: 28/28
 20709 | Lair:3   | Found a hole to the Spider Nest.
 20729 | Lair:3   | Found a staircase to the Shoals.
 20737 | Lair:3   | Found a gate leading to a gauntlet.
 20744 | Gauntlet | Entered a Gauntlet
 20744 | Gauntlet | Found a large runed translucent door.
 20744 | Gauntlet | Found a large runed translucent door.
 20744 | Gauntlet | Found a large runed translucent door.
 20744 | Gauntlet | Found a large runed translucent door.
 20744 | Gauntlet | Found a large runed translucent door.
 20744 | Gauntlet | Found a transporter.
 20744 | Gauntlet | Found a large runed translucent door.
 20744 | Gauntlet | Found a large runed translucent door.
 20744 | Gauntlet | Found a large runed translucent door.
 20744 | Gauntlet | Found a runed translucent door.
 20744 | Gauntlet | Found a runed translucent gate.
 20744 | Gauntlet | Found a runed translucent gate.
 20744 | Gauntlet | Found a transporter.
 20744 | Gauntlet | Found a transporter.
 20744 | Gauntlet | Identified the amulet of Muid {Reflect rC+ SH+5}
 20744 | Gauntlet | Identified the ring "Zeguesi" {MR+ SInv}
 20745 | Gauntlet | Found a transporter.
 20746 | Gauntlet | Found a transporter.
 20750 | Gauntlet | Found a transporter.
 20757 | Gauntlet | Found a transporter.
 20758 | Gauntlet | Identified the ring "Tegrios" {rF+ MR+}
 20758 | Gauntlet | Found a transporter.
 20759 | Gauntlet | Found a transporter.
 20760 | Gauntlet | Found a transporter.
 20768 | Gauntlet | Found a transporter.
 20769 | Gauntlet | Found a transporter.
 20798 | Gauntlet | Found a runed translucent gate.
 20802 | Gauntlet | Found a runed translucent door.
 20851 | Gauntlet | Reached skill level 1 in Air Magic
 20962 | Gauntlet | Identified the Volume of Flamy Air
 20994 | Gauntlet | Learned a level 6 spell: Freezing Cloud
 21046 | Gauntlet | Identified the Collected Works on Transformation and
                  | Poisoning
 21046 | Gauntlet | Identified the Almanac of Unstable Cold
 21046 | Gauntlet | Identified the Papyrus of Flying Conjuration
 21261 | Lair:3   | Reached ***** piety under Ashenzari
 22106 | Lair:4   | Identified a scroll of acquirement
 22106 | Lair:4   | Acquired 1300 gold pieces
 22658 | Lair:4   | Found the +8 whip "Snakebite" {curare, rPois}
 23575 | Lair:5   | Found a viscous altar of Jiyva.
 23575 | Lair:5   | Found a staircase to the Slime Pits.
 23578 | Lair:5   | Got the uncursed buckler "Mupatir" {rElec Stlth+}
 23855 | Lair:6   | Entered Level 6 of the Lair of Beasts
 24684 | Lair:6   | Reached XP level 15. HP: 82/161 MP: 9/30
 26115 | Lair:6   | Learned a level 6 spell: Iron Shot
 26354 | D:12     | Killed Jorgrun
 26357 | D:12     | Reached skill level 5 in Conjurations
 27202 | D:13     | Noticed Nessos
 27215 | D:13     | Killed Nessos
 28032 | D:14     | Found a frozen archway.
 28073 | IceCv    | Entered an ice cave
 28575 | IceCv    | Found an ancient bone altar of Kikubaaqudgha.
 28792 | IceCv    | Identified the ring of Qiupuept {Ice *Drain Str+8 Int+4
                  | SInv}
 29014 | D:14     | Reached skill level 15 in Fighting
 29198 | D:14     | Reached XP level 16. HP: 149/176 MP: 25/32
 29552 | D:14     | Found a gate to the Vaults.
 29654 | D:14     | Identified the amulet "Xiluz" {Reflect MP+9 SH+5 SInv}
 29721 | D:14     | Identified the Papyrus of the Quantum Frostbite
 30105 | Orc:2    | Bought a +0 cloak of preservation for 149 gold pieces
 30369 | D:15     | Entered Level 15 of the Dungeon
 31157 | D:15     | Found a staircase to the Depths.
 31513 | D:15     | Learned a level 4 spell: Passage of Golubria
 31684 | Spider:1 | Entered Level 1 of the Spider Nest
 31762 | Spider:1 | Reached skill level 1 in Translocations
 32287 | Spider:1 | Reached skill level 5 in Air Magic
 33542 | Spider:1 | Acquired 2290 gold pieces
 33591 | Spider:2 | Reached ****** piety under Ashenzari
 33703 | Spider:2 | Reached XP level 17. HP: 187/192 MP: 34/34
 34727 | Spider:3 | Found the +10 zealot's sword {holy, *Rage rN+ EV+3}
 35481 | Spider:4 | Entered Level 4 of the Spider Nest
 35518 | Spider:4 | Reached skill level 10 in Air Magic
 37092 | Spider:4 | Got a gossamer rune of Zot
 37420 | Elf:1    | Entered Level 1 of the Elven Halls
 37799 | Elf:1    | Reached XP level 18. HP: 202/202 MP: 31/35
 37829 | Elf:1    | Identified Cait's Handbook of Unholy Magic
 37958 | Elf:1    | Noticed Roxanne
 37973 | Elf:1    | Killed Roxanne
 39000 | Elf:2    | Found a flickering gateway to a bazaar.
 39009 | Bazaar   | Entered a bazaar
 39043 | Bazaar   | Found Juabluc's Jewellery Shop.
 39051 | Bazaar   | Bought the ring of the Coward {rC- rN+ Int+9 Dex-2} for 485
                  | gold pieces
 39071 | Bazaar   | Found Fime's Antique Weapon Shop.
 39099 | Bazaar   | Found Ovaiteg's Weapon Shop.
 39512 | Elf:2    | Identified the +8 short sword "Kuequn" {vamp, rElec rC+
                  | Dex-4 Stlth+}
 39512 | Elf:2    | Found a runed translucent gate.
 39518 | Elf:2    | Found a runed translucent gate.
 39519 | Elf:2    | Found a runed translucent gate.
 39951 | Elf:3    | Entered Level 3 of the Elven Halls
 39981 | Elf:3    | Found Lualus's Antique Armour Emporium.
 39987 | Elf:3    | Bought a runed scarf for 280 gold pieces
 39987 | Elf:3    | Bought a hat for 140 gold pieces
 39987 | Elf:3    | Bought a kite shield for 157 gold pieces
 40138 | Elf:3    | Reached skill level 1 in Shields
 40741 | Vaults:1 | Entered Level 1 of the Vaults
 41050 | Vaults:1 | Reached skill level 5 in Shields
 41713 | Vaults:1 | Reached skill level 15 in Air Magic
 41716 | Vaults:1 | Reached XP level 19. HP: 211/211 MP: 30/36
 41771 | Vaults:1 | Found Edootira's General Store.
 41779 | Vaults:1 | Bought a potion of brilliance for 72 gold pieces
 41779 | Vaults:1 | Bought a scroll of fog for 36 gold pieces
 42708 | Vaults:1 | Acquired the cursed ring "Wuifrop" {rPois Str+2 Int+6}
 42734 | Vaults:1 | Learned a level 9 spell: Tornado
 42750 | Vaults:2 | Noticed Frederick
 42763 | Vaults:2 | Killed Frederick
 42763 | Vaults:2 | Noticed Boris
 42772 | Vaults:2 | Killed Boris
 42960 | Vaults:2 | Reached skill level 15 in Spellcasting
 43156 | Vaults:2 | Identified the +2 buckler "Mupatir" {rElec Stlth+} (You
                  | found it on level 5 of the Lair of Beasts)
 43198 | Vaults:2 | Found an iron altar of Okawaru.
 44533 | Vaults:2 | Reached XP level 20. HP: 221/221 MP: 34/39
 45113 | Shoals:1 | Entered Level 1 of the Shoals
 45130 | Shoals:1 | Found Olyatuz's Magic Scroll Boutique.
 45131 | Shoals:1 | Found Quigeq's Antique Weapon Shoppe.
 45156 | Shoals:1 | Bought a scroll of remove curse for 54 gold pieces
 45156 | Shoals:1 | Bought a scroll of fog for 36 gold pieces
 45614 | Shoals:1 | Found a runed translucent door.
 45621 | Shoals:1 | Noticed Ineosena's ghost (adept GrBe)
 45935 | Shoals:2 | Found Oheycs's Assorted Antiques.
 45983 | Shoals:2 | Bought a scroll of remove curse for 102 gold pieces
 46092 | Shoals:2 | Noticed Kirke
 46100 | Shoals:2 | Killed Kirke
 47541 | Shoals:4 | Entered Level 4 of the Shoals
 47608 | Shoals:2 | Bought a smoking troll leather armour for 680 gold pieces
 47618 | Shoals:2 | Identified the cursed +1 troll leather armour "Xinotoq"
                  | {rElec rPois Regen+ Int+4 Dex-2} (You bought it in a shop
                  | on level 2 of the Shoals)
 47707 | Shoals:4 | Learned a level 2 spell: Blink
 48007 | Shoals:4 | Got a barnacled rune of Zot
 48178 | Shoals:4 | HP: 12/287 [merfolk impaler/+1 trident of flaming (8)]
 48622 | Shoals:4 | Identified the Collected Works on the Feathery Mountains
 48792 | Shoals:4 | Noticed Mara
 49126 | Shoals:4 | Noticed lotuseater's illusion
 49136 | Shoals:4 | Killed Mara
 49292 | Shoals:4 | Reached XP level 21. HP: 228/228 MP: 30/41
 49312 | Shoals:4 | Identified the +8 spear of Duty {venom, rPois Str+6 Int-2
                  | Stlth+}
 50102 | Elf:3    | Cast into level 3 of the Abyss (a deep elf sorcerer)
 50133 | Abyss:3  | Found a corrupted altar of Lugonu.
 50449 | Elf:3    | Escaped the Abyss
 50660 | Elf:3    | Learned a level 9 spell: Absolute Zero
 50965 | Elf:3    | Reached skill level 10 in Ice Magic
 51274 | Elf:3    | Identified the +4 mace of Extinguishment {protect, Str+4}
 51276 | Elf:3    | Identified the +12 fustibalus of Lotawoni {vorpal, +Fly
                  | rN+++ Int-5}
 51320 | Elf:3    | Identified the Reference Book on Shifting Darkness
 51356 | Elf:3    | Identified the Guide on Malediction
 52102 | Vaults:3 | Found a staircase to the Crypt.
 52115 | Vaults:3 | Noticed Margery
 52119 | Crypt:1  | Entered Level 1 of the Crypt
 52143 | Crypt:1  | Reached XP level 22. HP: 87/237 MP: 41/44
 52162 | Crypt:1  | HP: 14/308 [necromancer/bolt of cold (9)]
 52168 | Crypt:1  | HP: 22/461 [soul eater/drain life (4)]
 53384 | Crypt:2  | Reached skill level 15 in Ice Magic
 53477 | Crypt:2  | Found a runed translucent gate.
 53478 | Crypt:2  | Found a runed translucent gate.
 53478 | Crypt:2  | Found a runed translucent gate.
 54035 | Crypt:3  | Entered Level 3 of the Crypt
 54488 | Crypt:3  | Identified Wusiog's Grimoire of Dark Rites
 54777 | Crypt:3  | Identified the Incunabulum of Reason
 54861 | Crypt:3  | Found the amulet of Vitality {Regen+ HP+15}
 54861 | Crypt:3  | Identified the ring of Pyamyone {rF++ rC+ Stlth+}
 55140 | Crypt:3  | Found a staircase to the Tomb.
 55380 | Crypt:3  | Found an ancient bone altar of Kikubaaqudgha.
 55394 | Crypt:3  | Noticed an ancient lich
 55398 | Crypt:3  | Killed an ancient lich
 55429 | Crypt:3  | Acquired a Grand Grimoire
 56061 | Crypt:3  | Identified the +4 glaive "Undertaker" {freeze, rN+}
 56220 | Vaults:3 | Killed Margery
 56223 | Vaults:3 | Reached XP level 23. HP: 153/247 MP: 24/45
 59129 | Vaults:5 | Entered Level 5 of the Vaults
 59137 | Vaults:5 | Cast into level 2 of the Abyss (a deep elf demonologist)
 59214 | Abyss:2  | Paralysed by a great orb of eyes for 3 turns
 59217 | Vaults:5 | Escaped the Abyss
 59221 | Vaults:5 | Reached skill level 10 in Shields
 59229 | Vaults:5 | Noticed an ancient lich
 59236 | Vaults:5 | Killed an ancient lich
 59236 | Vaults:5 | Reached XP level 24. HP: 154/256 MP: 20/45
 59392 | Vaults:5 | HP: 14/332 [ettin/+0 dire flail (25)]
 59393 | Vaults:5 | Slain by an ettin

Illustrated notes

Levels and vault maps discovered:
D:1:      erik_arrival_blinker_ship, layout_loops_cross
D:2:      layout_basic, amethyst_overflow_temple_binary, uniq_jessica
D:3:      layout_loops_ring, nemelex_xobeh_ov_fountains_minmay,
          hangedman_decor_peaks_small, uniq_crazy_yiuf_cottage, uniq_robin
D:4:      layout_loops_ring, kennysheep_mini, ebering_ghost_reflecting_pool,
          minmay_fractal_squares_5
D:5:      layout_basic, tgw_trog
D:6:      layout_loops_ring, kennysheep_mini_moat, uniq_grinder
D:7:      layout_layer_cave, grunt_qazlal_clouds,
          grunt_temple_overflow_champion_of_chaos,
          minmay_temple_entry_statues_pillars, minmay_misc_feat_cross,
          uniq_pikel
D:8:      layout_loops_ring, hangedman_abyss_or_decor_clamps
D:9:      layout_basic, hiddenorc1_lemuel, basic_altar, grunt_ministairs_4,
          centaur_isle
D:10:     due_megacathedral, layout_basic, uniq_joseph
D:11:     nzn_motion_control, layout_stronghold, grunt_lair_entry_orc_guard_hut,
          uniq_harold, uniq_psyche
D:12:     layout_roguey, uniq_jorgrun
D:13:     layout_loops_corners, columned_hall_lemuel, uniq_nessos
D:14:     layout_big_octagon, david_vaults_1, serial_ice, serial_ice_d,
          serial_ice_j, serial_ice_c, serial_ice_m, portal_ice_cave_rime,
          minmay_stone_trees_medium, minivault_12
D:15:     gammafunk_depths_entry_grave, layout_small_grid, nooodl_orcs_dogs
Temple:   eino_narrow_crystal_temple
Lair:1:   layout_gridlike, kennysheep_abandoned_house, lemuel_fruit_tree
Lair:2:   layout_small_grid
Lair:3:   layout_hall_layers, minmay_shoals_entry_lonely_mermaid,
          spider_nest_entry_web_field, gauntlet_entry_generic
Lair:4:   minmay_guarded_unrand_snakebite, layout_big_grid
Lair:5:   layout_hall_layers, dpeg_slime_entry_enclosed_altar,
          kilobyte_rumbling_trees
Lair:6:   grunt_lair_end_beastmaster, layout_layer_cave, special_room
          [special_room_mythical_zoo]
Shoals:1: layout_shoals, serial_shops, shop, nicolae_shop_crystal,
          ebering_ghost_reflecting_pool
Shoals:2: layout_shoals, serial_shops, shop, uniq_kirke
Shoals:3: layout_shoals, uniq_polyphemus
Shoals:4: shoals_end_simple, layout_shoals, argonaut_gorgonesque, uniq_mara
Spider:1: layout_spider_delve
Spider:2: layout_spider_delve
Spider:3: layout_spider_delve
Spider:4: spider_rune_water
Orc:1:    lemuel_ogre_cave, layout_caves, basic_altar
Orc:2:    st_orc_town, layout_caves, serial_shops, nicolae_shop_behind_doors
Elf:1:    layout_loops_ring, minmay_elf_necromancy, grunt_ministairs_3,
          grunt_megastairs_2, uniq_roxanne
Elf:2:    layout_onion_city, serial_shops, bzr_firewalk, grunt_ministairs_4,
          nicolae_elf_big_sculpture_3
Elf:3:    minmay_elf_hall_x, layout_geoelf_castle, serial_shops,
          nicolae_shop_stone, nrook_mini_backslash
Vaults:1: grunt_vaults_swirl, v_alt_pattern_2, vaults_mumra_minichess,
          hangedman_vaults_locks, nicolae_vaults_sealed_display, v_misc_3,
          vaults_dpeg_ring, layout_vaults_omnigrid, serial_shops,
          nicolae_shop_statue_plus
Vaults:2: vaults_room_grid, ontoclasm_vaults_claustrophobia,
          vaults_mumra_chevron_long, nicolae_vaults_network_periphery,
          hangedman_vaults_cutoff, vaults_mumra_minichess_inversion, kb_rosetta,
          nicolae_vaults_three_branches, nicolae_vaults_little_squares_1,
          vaults_room_door_ring, layout_vaults_big_room, basic_altar,
          uniq_boris, uniq_frederick
Vaults:3: dpeg_vaults_monster_box, ontoclasm_vaults_loading_screen,
          minmay_crypt_entry_simple_plaza, vaults_dpeg_doors, v_pattern_5,
          nicolae_vaults_border_crossing, v_misc_8, v_alt_pattern_6,
          layout_vaults_omnibox, uniq_margery
Vaults:4: v_misc_25, hangedman_vaults_nails, ontoclasm_vaults_twist,
          nicolae_vaults_little_squares_3, nicolae_vaults_inception_scallops,
          hangedman_vaults_stagger, v_rooms_5, nicolae_vaults_circle_grid_a,
          v_rooms_1, ontoclasm_vaults_eye, ontoclasm_vaults_loading_screen,
          ontoclasm_vaults_gateway, layout_vaults_ring
Vaults:5
Crypt:1:  layout_chaotic_city
Crypt:2:  layout_misc_corridors, pandoras_box_mu, roderic_lattice_octagonal_star
Crypt:3:  quadcrypt_mu

Skill      XL: |  1  2  3  4  5  6  7  8  9 10 11 12 13 14 15 16 17 18 19 20 21 22 23 24 |
---------------+-------------------------------------------------------------------------+-----
Ice Magic      | 4 6 7 9 12 17 18 | 18.6
Spellcasting   | 3 4 7 8 10 11 12 13 15 16 18 | 18.6
Fighting       | 3 5 6 9 10 12 13 15 17 18 | 18.1
Summonings     | 1 2 |  2.0
Staves         | 2 3 |  3.0
Long Blades    | 5 8 9 10 11 | 11.8
Conjurations   | 2 3 7 |  7.6
Poison Magic   | 2 5 |  5.2
Transmutations | 7 9 |  9.0
Earth Magic    | 5 7 |  7.3
Air Magic      | 4 8 12 15 16 17 | 17.9
Translocations | 2 |  2.0
Shields        | 6 10 11 | 11.5
Dodging        | |  1.7
Stealth        | |  1.4

Action                   |  1- 3 |  4- 6 |  7- 9 | 10-12 | 13-15 | 16-18 | 19-21 | 22-24 || total
-------------------------+-------+-------+-------+-------+-------+-------+-------+-------++-------
Melee: Unarmed           |    16 |       |       |       |       |       |       |       ||    16
       Dagger            |    16 |   183 |       |       |       |       |       |       ||   199
       Quarterstaff      |       |    53 |    71 |       |       |       |       |       ||   124
       Katana            |       |       |   135 |   549 |  1081 |  1037 |   796 |       ||  3598
       Eudemon blade     |       |       |       |       |       |       |   160 |   810 ||   970
Throw: Boomerang         |       |       |       |     4 |       |       |     1 |       ||     5
 Cast: Freeze            |    27 |    10 |     3 |     3 |       |       |       |       ||    43
       Frozen Ramparts   |       |     9 |     8 |    27 |    29 |     5 |     4 |       ||    82
       Ozocubu's Armour  |       |       |     3 |     7 |     1 |     1 |       |       ||    12
       Summon Ice Beast  |       |       |     2 |     9 |     4 |       |       |       ||    15
       Mephitic Cloud    |       |       |       |     8 |     1 |       |       |       ||     9
       Olgreb's Toxic Ra |       |       |       |       |    27 |       |       |       ||    27
       Ignite Poison     |       |       |       |       |     2 |       |       |       ||     2
       Statue Form       |       |       |       |       |    23 |    63 |    52 |    24 ||   162
       Freezing Cloud    |       |       |       |       |    16 |    23 |    16 |       ||    55
       Iron Shot         |       |       |       |       |     4 |    20 |    26 |     1 ||    51
       Tornado           |       |       |       |       |       |       |    23 |    26 ||    49
       Blink             |       |       |       |       |       |       |       |     2 ||     2
       Absolute Zero     |       |       |       |       |       |       |       |     4 ||     4
Invok: Curse Item        |       |       |       |     2 |     2 |     1 |     2 |       ||     7
       Scrying           |       |       |       |     1 |       |       |       |     1 ||     2
 Abil: Evoke Invisibilit |       |       |       |       |     1 |       |       |       ||     1
Evoke: Wand              |       |       |       |     3 |     2 |     1 |       |       ||     6
  Use: Scroll            |       |     6 |     7 |     5 |    10 |     5 |    13 |     2 ||    48
       Potion            |       |       |       |     1 |     1 |     2 |     5 |     8 ||    17
 Stab: Sleeping          |       |     3 |     1 |     2 |     2 |     1 |       |       ||     9
       Petrified         |       |       |     1 |       |    10 |       |       |       ||    11
       Distracted        |       |       |       |     1 |     1 |       |       |     1 ||     3
       Petrifying        |       |       |       |       |     1 |       |       |       ||     1
Armor: Robe              |    34 |    72 |    66 |   169 |     3 |       |       |       ||   344
       Troll leather arm |       |       |       |       |   175 |    34 |    23 |    28 ||   260
       Skin              |       |       |       |       |   282 |   845 |   366 |   254 ||  1747
Dodge: Dodged            |    42 |   106 |    71 |   190 |   428 |   549 |   300 |   245 ||  1931
Block: Other             |    12 |    56 |    55 |    95 |   232 |   253 |       |       ||   703
       Reflection        |       |     2 |     1 |     9 |     8 |    14 |    95 |    25 ||   154
       Kite shield       |       |       |       |       |       |    20 |   746 |   516 ||  1282
       Rpst.: Katana     |       |       |    19 |    54 |   108 |   101 |    44 |       ||   326
       Eudemon blade     |       |       |       |       |       |       |    16 |    49 ||    65

Table legend: (Time is in decaauts)
 A = Elapsed time spent in this place.
 B = Non-inter-level travel time spent in this place.
 C = Inter-level travel time spent in this place.
 D = Time resting spent in this place.
 E = Time spent auto-exploring this place.
 F = Levels seen in this place.
 G = Mean time per level.
                   A        B        C        D        E       F      G
               +--------+--------+--------+--------+--------+-----+--------+
         Total |  62582 |  58418 |   4164 |   8027 |  37651 |  48 | 1303.8 |
       Dungeon |  20160 |  18418 |   1742 |   1900 |  13075 |  15 | 1344.0 |
        Temple |    159 |    145 |     14 |      0 |    145 |   1 |  159.0 |
          Lair |   7507 |   7009 |    498 |    728 |   5152 |   6 | 1251.2 |
        Shoals |   5368 |   5032 |    336 |    706 |   2928 |   4 | 1342.0 |
   Spider Nest |   6194 |   5968 |    226 |    997 |   3848 |   4 | 1548.5 |
  Orcish Mines |   3551 |   3185 |    366 |    824 |   1696 |   2 | 1775.5 |
   Elven Halls |   5051 |   4613 |    438 |    886 |   2483 |   3 | 1683.7 |
        Vaults |   8350 |   8117 |    233 |   1006 |   5418 |   5 | 1670.0 |
         Crypt |   4239 |   3931 |    308 |    306 |   2673 |   3 | 1413.0 |
         Abyss |    489 |    489 |      0 |     97 |     59 |   2 |  244.5 |
        Bazaar |    132 |    132 |      0 |      0 |      0 |   1 |  132.0 |
      Ice Cave |   1015 |   1015 |      0 |    486 |    169 |   1 | 1015.0 |
      Gauntlet |    361 |    361 |      0 |     87 |      0 |   1 |  361.0 |
               +--------+--------+--------+--------+--------+-----+--------+

Top non-repeatable levels by time:
    D:11: 2779 daAuts
Vaults:1: 2467 daAuts
   Elf:3: 2251 daAuts
  Lair:6: 2226 daAuts
 Crypt:3: 2176 daAuts
Vaults:2: 2163 daAuts
Shoals:4: 2152 daAuts
    D:10: 2119 daAuts
Spider:1: 2102 daAuts
   Orc:1: 1935 daAuts
Spider:4: 1906 daAuts
Vaults:3: 1854 daAuts
   Elf:1: 1699 daAuts
Vaults:4: 1647 daAuts
   Orc:2: 1616 daAuts
